 Dungeon Sprint DCSS version 0.21.1-1-g345015f (webtiles) character file.

160 Fang the Cleaver (level 5, -1/53 HPs)
             Began as a Minotaur Berserker on Apr 23, 2018.
             Was an Elder of Trog.
             Killed from afar by a deep elf mage (21 damage)
             ... with a stone arrow
             ... in the Dungeon (Sprint III: "The Ten Rune Challenge").
             The game lasted 00:01:27 (711 turns).

Fang the Cleaver (Minotaur Berserker)                Turns: 711, Time: 00:01:27

Health: -1/53      AC:  0    Str: 23    XL:     5   Next: 17%
Magic:  4/4        EV: 13    Int:  4    God:    Trog [****..]
Gold:   36         SH:  0    Dex:  9    Spells: 4/4 levels left

rFire    . . .     SeeInvis .   a - +0 hand axe
rCold    . . .     Gourm    .   (no shield)
rNeg     . . .     Faith    .   j - -2 robe (curse)
rPois    .         Spirit   .   (helmet restricted)
rElec    .         Reflect  .   (no cloak)
rCorr    .         Harm     .   (no gloves)
MR       .....     NoTele   +   (no boots)
Stlth    +.........             (no amulet)
HPRegen  0.17/turn              (no ring)
MPRegen  0.09/turn              (no ring)

@: no status effects
A: retaliatory headbutt, horns 2
a: Berserk, Trog's Hand, Brothers in Arms, Burn Spellbooks, Renounce Religion


You were in the Dungeon.
You worshipped Trog.
Trog was greatly pleased with you.
You were not hungry.

You visited 1 branch You collected 36 gold pieces.

Inventory:

Hand Weapons
 a - a +0 hand axe (weapon)
Armour
 b - a +0 animal skin
 j - a cursed -2 robe (worn)
Scrolls
 i - a scroll of blinking
 p - 2 scrolls of fear
Potions
 d - a potion of curing
 e - a potion of heal wounds
 f - a potion of haste
 g - 2 potions of magic
 h - a potion of berserk rage
 n - 3 potions of flight
Comestibles
 c - 3 rations
 k - a chunk of flesh


   Skills:
 + Level 8.2 Fighting
 + Level 9.1 Axes
 + Level 4.4 Armour
 + Level 4.6 Dodging


You had 4 spell levels left.
You didn't know any spells.

Dungeon Overview and Level Annotations

Branches:
Dungeon (1/1)

Altars:
Elyvilon
Kikubaaqudgha
Sif Muna
Vehumet
Zin
The Shining One


Innate Abilities, Weirdness & Mutations

You reflexively headbutt those who attack you in melee.
You have a pair of horns on your head.


Message History

You are too injured to fight recklessly!
You are too injured to fight recklessly!
You are too injured to fight recklessly!
You are too injured to fight recklessly!
You are too injured to fight recklessly!
You are too injured to fight recklessly!
You are too injured to fight recklessly!
You are too injured to fight recklessly!
You are too injured to fight recklessly!
You are too injured to fight recklessly!
You barely miss the deep elf mage. Your headbutt misses the deep elf mage.
The deep elf mage is lightly wounded.
You slash the deep elf mage!
The deep elf mage is moderately wounded.
The deep elf mage hits you with a long sword of holy wrath.
You slash the deep elf mage!
The deep elf mage is heavily wounded.
The deep elf mage casts a spell at you. The stone arrow hits you!
You die...

▓▓▓▓▓▓▓▓▓ ▓▓▓ !.'...♣.♣♣
♣.##### !.#......♣
♣♣.#___# ###....♣.♣
♣..#e@.#
..#....≈.♣♣♣..###'#+###+##
..#...≈≈♣.♣.♣.#..........#
.[#..≈≈≈≈..♣♣.'.⌠........#
#'#..≈≈≈≈≈≈♣♣.#...######+#
..#.≈≈≈≈≈≈....#.⌠.#
..#.≈≈≈≈≈.....#)).#
..#.≈≈≈.......#'###
###...........#[[.#


You could see a deep elf mage.

Vanquished Creatures
  A water elemental (D)
  Jessica (D)
  A wizard (D)
  A human (D)
  A kobold demonologist (D)
  An ooze (D)
  A phantom (D)
  2 rats (D)
9 creatures vanquished.

Vanquished Creatures (others)
  2 draconian scorchers (D)
  6 hellions (D)
  2 yaktaurs (D)
  2 plants (D)
12 creatures vanquished.

Grand Total: 21 creatures vanquished

Notes
Turn   | Place    | Note
-------+----------+-------------------------------------------
     0 | D        | Fang the Minotaur Berserker began the quest for the Orb.
     0 | D        | Reached XP level 1. HP: 19/19 MP: 0/0
     5 | D        | Reached skill level 4 in Axes
    10 | D        | Noticed Jessica
    13 | D        | Reached ** piety under Trog
    16 | D        | Killed Jessica
    16 | D        | Reached skill level 5 in Fighting
    16 | D        | Reached skill level 5 in Axes
    16 | D        | Reached XP level 2. HP: 16/30 MP: 1/1
    16 | D        | Reached XP level 3. HP: 20/37 MP: 2/2
    89 | D        | Killed a hellion
   113 | D        | Killed a hellion
   126 | D        | Killed a hellion
   170 | D        | Reached skill level 6 in Axes
   177 | D        | Killed a yaktaur
   192 | D        | Killed a white draconian scorcher
   201 | D        | Killed a hellion
   204 | D        | Killed a hellion
   259 | D        | Killed a white draconian scorcher
   287 | D        | Killed a hellion
   371 | D        | Killed a yaktaur
   387 | D        | Reached *** piety under Trog
   635 | D        | Noticed a water elemental
   638 | D        | Killed a water elemental
   638 | D        | Reached skill level 8 in Axes
   638 | D        | Reached XP level 4. HP: 47/47 MP: 3/3
   676 | D        | Found a radiant altar of Vehumet.
   676 | D        | Found a deep blue altar of Sif Muna.
   676 | D        | Found an ancient bone altar of Kikubaaqudgha.
   676 | D        | Noticed a wizard
   680 | D        | Killed a wizard
   680 | D        | Reached XP level 5. HP: 49/53 MP: 4/4
   685 | D        | Reached **** piety under Trog
   685 | D        | Reached skill level 9 in Axes
   704 | D        | Found a glowing silver altar of Zin.
   704 | D        | Found a glowing golden altar of the Shining One.
   704 | D        | Found a white marble altar of Elyvilon.
   705 | D        | Noticed a deep elf mage
   711 | D        | Killed from afar by a deep elf mage

Skill      XL: |  1  2  3  4  5 |
---------------+----------------+-----
Fighting       | 5 7 8 |  8.2
Axes           | 5 8 9 |  9.1
Armour         | 3 4 |  4.4
Dodging        | 3 4 |  4.6

Action                   |  1- 3 |  4- 6 || total
-------------------------+-------+-------++-------
Melee: Hand axe          |    25 |    14 ||    39
       Headbutt          |     2 |     1 ||     3
Invok: Berserk           |     1 |       ||     1
       Burn Spellbooks   |       |     1 ||     1
  Use: Scroll            |     4 |       ||     4
Armor: Animal skin       |     1 |       ||     1
Dodge: Dodged            |    15 |     5 ||    20
